 Dungeon Crawl Stone Soup version 0.25.0-37-gb73750e0fb (webtiles) character file.

Game seed: 3924386629462180911

87 wojtek the Purveyor of Pain (level 4, -2/30 HPs)
             Began as a Demonspawn Necromancer on July 9, 2020.
             Was an Initiate of Kikubaaqudgha.
             Splashed by a goblin's acid (10 damage)
             ... on level 3 of the Dungeon.
             The game lasted 00:04:50 (3446 turns).

wojtek the Purveyor of Pain (DsNe)                  Turns: 3446, Time: 00:04:50

Health: -2/30      AC:  1    Str:  9    XL:     4   Next: 28%
Magic:  0/7        EV: 12    Int: 17    God:    Kikubaaqudgha [......]
Gold:   113        SH:  0    Dex: 13    Spells: 6/7 levels left

rFire    . . .     SeeInvis .   h - +0 club
rCold    . . .     Gourm    .   (no shield)
rNeg     . . .     Faith    .   a - +0 robe
rPois    .         Spirit   +   e - +2 hat
rElec    .         Reflect  .   p - +0 cloak
rCorr    .         Harm     .   (no gloves)
MR       .....                  (no boots)
Stlth    ++........             (no amulet)
HPRegen  2.10/turn              (no ring)
MPRegen  0.10/turn              (no ring)

@: corroded
A: powered by death 2, magic shield
a: Renounce Religion


You were on level 3 of the Dungeon.
You worshipped Kikubaaqudgha.
Kikubaaqudgha was noncommittal.
You were not hungry.

You visited 1 branch of the dungeon, and saw 3 of its levels.

You collected 113 gold pieces.

Inventory:

Hand Weapons
 h - a +0 club (weapon)
 k - a +0 dagger
Missiles
 f - 79 stones (quivered)
Armour
 a - a +0 robe (worn)
 e - a +2 hat (worn)
 p - a +0 cloak (worn)
Jewellery
 q - an uncursed ring of stealth {unknown}
Scrolls
 d - a scroll of teleportation {unknown}
 i - 2 scrolls of identify {unknown}
 j - a scroll of enchant armour {unknown}
 l - a scroll of noise {unknown}
 m - a scroll of fog {unknown}
 n - a scroll of remove curse {unknown}
Potions
 b - a potion of berserk rage {unknown}
 g - 3 potions of might {unknown}
 o - 2 potions of magic {unknown}
Comestibles
 c - a ration
 r - 3 chunks of flesh


   Skills:
 - Level 1.7 Dodging
 - Level 1.7 Stealth
 - Level 2.0 Spellcasting
 + Level 6.4 Necromancy


You had 6 spell levels left.
You knew the following spells:

 Your Spells              Type           Power        Failure   Level  Hunger
a - Pain                  Necr           ###.         1%          1    #......

Your spell library contained the following spells:

 Spells                   Type           Power        Failure   Level  Hunger
 Animate Skeleton         Necr           N/A          1%          1    #......
 Vampiric Draining        Necr           ###.......   4%          3    ###....
 Animate Dead             Necr           N/A          14%         4    #####..
 Agony                    Necr           ###.....     36%         5    ######.


Dungeon Overview and Level Annotations

Branches:
Dungeon (3/15)

Altars:
Kikubaaqudgha
Okawaru


Innate Abilities, Weirdness & Mutations

You regenerate health from kills.
When hurt, damage is shared between your health and your magic reserves.


Message History

The frilled lizard barely misses you.
You miss the frilled lizard.
The frilled lizard bites you but does no damage.
You hit the frilled lizard but do no damage.
The frilled lizard barely misses you. The frilled lizard bites you.
You closely miss the frilled lizard. The frilled lizard bites you.
You closely miss the frilled lizard. The frilled lizard closely misses you.
A goblin comes into view. It is carrying a wand of acid (7).
You closely miss the frilled lizard.
The frilled lizard bites you but does no damage.
The frilled lizard barely misses you.
You hit the frilled lizard.
You kill the frilled lizard!
Kikubaaqudgha accepts your kill.
The goblin zaps a wand.
The bolt of acid hits you!!
Ouch! That really hurt!
* * * LOW HITPOINT WARNING * * *
The acid corrodes you!
You are splashed with acid!
You die...
Kikubaaqudgha rasps: "You have failed me!
Welcome... death!"

#. ########## #..
#........##.. ##
#........... ...
#......"..# #
#..##........# ...
#...........####..##
####$..............#
#####...#...†.@.g....#
............††.......#
####.###.#...#.......#
#...##.###..........
#......#...........#
#........##.........
#####.÷..####...##..####
........##....### .##
#####...#..#


You could see a goblin.

Vanquished Creatures
  An adder (D:3)
  An ooze (D:2)
  2 worms
  2 dart slugs (D:1)
  3 leopard geckos (D:1)
  An orc (D:2)
  A ball python (D:1)
  9 bats
  3 giant cockroaches
  9 goblins
  3 hobgoblins
  8 jackals (D:2)
  5 kobolds (D:1)
  5 frilled lizards
  5 rats
58 creatures vanquished.

Notes
Turn   | Place    | Note
-------+----------+-------------------------------------------
     0 | D:1      | wojtek the Demonspawn Necromancer began the quest for the
                  | Orb.
     0 | D:1      | Reached XP level 1. HP: 13/13 MP: 3/3
   622 | D:1      | Gained mutation: When hurt, damage is shared between your
                  | health and your magic reserves. [demonic ancestry]
   622 | D:1      | Reached XP level 2. HP: 11/19 MP: 1/5
   872 | D:1      | Reached skill level 5 in Necromancy
  1492 | D:1      | Gained mutation: You regenerate a little health from kills.
                  | [demonic ancestry]
  1492 | D:1      | Reached XP level 3. HP: 24/24 MP: 4/6
  2346 | D:2      | Reached skill level 6 in Necromancy
  2405 | D:2      | Found an ancient bone altar of Kikubaaqudgha.
  2615 | D:2      | Became a worshipper of Kikubaaqudgha
  3150 | D:2      | Gained mutation: You regenerate health from kills. [demonic
                  | ancestry]
  3150 | D:2      | Reached XP level 4. HP: 28/30 MP: 3/7
  3339 | D:3      | Found an iron altar of Okawaru.
  3446 | D:3      | Splashed by a goblin's acid

Illustrated notes

Levels and vault maps discovered:
D:1:      ebering_hopf_link, layout_basic, nrook_mini_backslash
D:2:      layout_loops_ring, kiku_gazebo_pond_becter, minivault_4,
          minmay_pentomino_v4
D:3:      layout_rooms, kennysheep_okawaru_gauntlet, chequers_jeans,
          corexii_corridor_pit

Skill      XL: |  1  2  3 |
---------------+----------+-----
Necromancy     | 5 6 |  6.4
Dodging        | |  1.7
Stealth        | |  1.7
Spellcasting   | |  2.0

Action                   |  1- 3 |  4- 6 || total
-------------------------+-------+-------++-------
Melee: Unarmed           |     5 |       ||     5
       Club              |   136 |    27 ||   163
Throw: Stone             |     8 |       ||     8
 Cast: Pain              |    54 |    11 ||    65
 Stab: Sleeping          |     4 |     1 ||     5
  Eat: Chunk             |     8 |     1 ||     9
Armor: Robe              |    73 |    16 ||    89
Dodge: Dodged            |   116 |    35 ||   151
